 Dungeon Crawl Stone Soup version 0.32-a0-834-geaf45d8e21 (webtiles) character file.

Game seed: 2076046066620707433

483 holysushi the Cutter (level 6, -4/47 HPs)
             Began as a Demonspawn Monk on Mar 25, 2024.
             Was a Believer of Beogh.
             Slain by a gnoll
             ... wielding a +0 spear
             ... led by a gnoll bouda
              (9 damage)
             ... on level 4 of the Dungeon.
             The game lasted 00:05:08 (3350 turns).

holysushi the Cutter (Demonspawn Monk)              Turns: 3350, Time: 00:05:09

Health: -4/47      AC:  3    Str: 11    XL:     6   Next: 88%
Magic:  6/6        EV: 11    Int: 10    God:    Beogh [**....]
Gold:   156        SH:  0    Dex: 18    Spells: 5/5 levels left

rFire   . . .        a - +1 short sword (speed)
rCold   . . .        i - +0 buckler
rNeg    . . .        b - +0 robe
rPois   .            (helmet restricted)
rElec   .            (no cloak)
rCorr   .            k - +0 pair of gloves
SInv    .            (no boots)
Will    .....        (no amulet)
Stlth   +            (no ring)
HPRegen 0.27/turn    (no ring)
MPRegen 0.10/turn

%: no passive effects
@: confused, ambrosia-drunk
A: hooves 1, horns 1, ignite blood 1, demonic magic 1
a: Renounce Religion, Smiting


You were on level 4 of the Dungeon.
You worshipped Beogh.
Beogh was pleased with you.
You visited 1 branch of the dungeon, and saw 4 of its levels.

You collected 156 gold pieces.

Inventory:

Hand Weapons
 a - a +1 short sword of speed (weapon)
 j - a +0 rapier
Armour
 b - a +0 robe (worn)
 d - an orb of light
 i - a +0 buckler (worn)
 k - a +0 pair of gloves (worn)
Jewellery
 o - a ring of fire
 w - a +4 ring of protection
Wands
 q - a wand of flame (9)
 y - a wand of mindburst (9)
Scrolls
 f - a scroll of noise {unknown}
 h - 4 scrolls of identify {unknown}
 m - a scroll of enchant armour {unknown}
 n - 2 scrolls of teleportation {unknown}
 s - a scroll of silence {unknown}
 t - a scroll of brand weapon {unknown}
Potions
 e - a potion of mutation {unknown}
 g - 3 potions of haste {unknown}
 l - a potion of lignification {unknown}
 p - a potion of attraction {unknown}
 r - a potion of resistance {unknown}
 u - a potion of curing {unknown}
 v - a potion of brilliance {unknown}
 x - a potion of enlightenment {unknown}


   Skills:
 - Level 3.0 Fighting
 * Level 6.8 Short Blades
 - Level 2.7 Dodging
 - Level 1.7 Shields


You had 5 spell levels left.
You didn't know any spells.
Your spell library was empty.

Dungeon Overview and Level Annotations

Branches:
Dungeon (4/15) Zot: 20665
 Temple: D:4-7

Altars:
Okawaru
Qazlal


Innate Abilities, Weirdness & Mutations

Your facial features look somewhat orcish.
You have large cloven feet.
You have a pair of small horns on your head.
Your demonic aura sometimes causes spilled blood to erupt in flames.
Spells you cast may paralyse adjacent enemies.


Message History

You barely miss the gnoll bouda. You kick the gnoll bouda.
The gnoll bouda is heavily wounded.
You barely miss the gnoll bouda.
The gnoll bouda is heavily wounded.
The gnoll hits you from afar with a +0 spear.
You block the gnoll bouda's attack.
You hit the gnoll bouda. You kick the gnoll bouda.
The gnoll bouda is heavily wounded.
The gnoll bouda attacks as it pursues you!
The gnoll bouda closely misses you. The gnoll attacks as it pursues you!
The gnoll hits you from afar with a +0 spear!
* * * LOW HITPOINT WARNING * * *
You barely miss the gnoll bouda. Your headbutt misses the gnoll bouda.
The gnoll bouda is heavily wounded.
The gnoll barely misses you.
You hit the gnoll bouda but do no damage.
You kick the gnoll bouda, but do no damage.
You headbutt the gnoll bouda.
The gnoll bouda is almost dead.
The gnoll bouda utters an invocation to its god.
The gnoll bouda is healed somewhat.
The gnoll hits you from afar with a +0 spear.
* * * LOW HITPOINT WARNING * * *
You hit the gnoll bouda but do no damage.
You headbutt the gnoll bouda, but do no damage.
The gnoll bouda is heavily wounded.
You are confused.
You feel invigorated. The gnoll bouda barely misses you.
The gnoll hits you from afar with a +0 spear.
* * * LOW HITPOINT WARNING * * *
The gnoll is no longer moving quickly.
The gnoll bouda hits you with a +0 whip!
* * * LOW HITPOINT WARNING * * *
The gnoll hits you with a +0 spear.
* * * LOW HITPOINT WARNING * * *
The gnoll bouda attacks as it pursues you!
The gnoll bouda closely misses you.
The gnoll hits you from afar with a +0 spear!
You die...

###........##.........g.........
#..#.....## ...................
##.......# ##..................
#...###..# #...................
#...# #...###....# ....... ###.
#...#......##....... ..
#........g.#........
...........#....)........
##..........##g@.####.....
#......#..##...# ....
##.....#..#.....# ...
#.#.............. ..
###.............## .
#......##.....# .... ###.... ...
.....


You could see a gnoll bouda and a gnoll.

Vanquished Creatures
  An ice beast (D:3)
  An ogre (D:4)
  A scorpion (D:4)
  An orc priest (D:4)
  An iguana (D:4)
  Robin (D:2)
  6 adders
  4 gnolls
  A ribbon worm (D:3)
  2 dart slugs
  2 orcs (D:4)
  2 endoplasms
  17 goblins
  9 hobgoblins
  9 jackals
  2 quokkas
  4 ball pythons
  3 bats
  6 frilled lizards
  5 kobolds
  2 rats (D:2)
80 creatures vanquished.

Notes
Turn   | Place    | Note
-------+----------+-------------------------------------------
     0 | D:1      | holysushi the Demonspawn Monk began the quest for the Orb.
     0 | D:1      | Reached XP level 1. HP: 18/18 MP: 1/1
    70 | D:1      | Reached skill level 3 in Short Blades
   105 | D:1      | Discovered your monstrous ancestry.
   105 | D:1      | Gained mutation: You have a pair of small horns on your
                  | head. [demonic ancestry]
   105 | D:1      | Reached XP level 2. HP: 15/24 MP: 2/2
   667 | D:2      | Reached XP level 3. HP: 24/29 MP: 3/3
   775 | D:2      | Reached skill level 1 in Shields
  1249 | D:2      | Noticed Robin
  1259 | D:2      | Reached skill level 4 in Short Blades
  1270 | D:2      | Gained mutation: You have large cloven feet. [demonic
                  | ancestry]
  1270 | D:2      | Reached XP level 4. HP: 27/35 MP: 4/4
  1279 | D:2      | Killed Robin
  1855 | D:3      | Became a worshipper of Beogh the Shepherd
  1855 | D:3      | Reached * piety under Beogh
  1855 | D:3      | Reached ** piety under Beogh
  2059 | D:3      | Noticed an ice beast
  2068 | D:3      | Killed an ice beast
  2069 | D:3      | Reached skill level 5 in Short Blades
  2069 | D:3      | Gained mutation: Spells you cast may paralyse adjacent
                  | enemies. [demonic ancestry]
  2069 | D:3      | Reached XP level 5. HP: 25/41 MP: 5/5
  2485 | D:3      | Found a stormy altar of Qazlal.
  2485 | D:3      | Found an iron altar of Okawaru.
  2859 | D:4      | Reached skill level 6 in Short Blades
  2859 | D:4      | Gained mutation: Your demonic aura sometimes causes spilled
                  | blood to erupt in flames. [demonic ancestry]
  2859 | D:4      | Reached XP level 6. HP: 22/47 MP: 6/6
  3349 | D:4      | HP: 1/47 [gnoll/+0 spear[a gnoll bouda] (4)]
  3350 | D:4      | Slain by a gnoll

Illustrated notes

Levels and vault maps discovered:
D:1:      reono_arrival_forest_river, layout_basic,
          minmay_misc_feat_more_columns, serial_park_tiny_1
D:2:      layout_loops_ring, hangedman_abyss_or_decor_stabs,
          kennysheep_generic_room_10, uniq_robin
D:3:      layout_basic, gammafunk_temple_overflow_elements, kennysheep_doodads
D:4:      layout_cave_pools, uniq_blork_the_orc

Skill      XL: |  1  2  3  4  5 |
---------------+----------------+-----
Short Blades   | 3 4 5 6 |  6.8
Shields        | 1 |  1.7
Fighting       | |  3.0
Dodging        | |  2.7

Action                     |  1- 3 |  4- 6 || total
---------------------------+-------+-------++-------
  Melee: Short sword       |    43 |    49 ||    92
         Rapier            |    81 |    73 ||   154
         Headbutt          |    15 |    18 ||    33
         Kick              |       |    40 ||    40
 Invoke: Convert to Beogh  |       |     1 ||     1
    Use: Potion            |       |     1 ||     1
   Stab: Sleeping          |     1 |     3 ||     4
 Armour: Robe              |    86 |    53 ||   139
  Dodge: Dodged            |   104 |    50 ||   154
  Block: Buckler           |    17 |    23 ||    40

Table legend: (Time is in decaauts)
 A = Elapsed time spent in this place.
 B = Non-inter-level travel time spent in this place.
 C = Inter-level travel time spent in this place.
 D = Time resting spent in this place.
 E = Time spent auto-exploring this place.
 F = Levels seen in this place.
 G = Mean time per level.
                   A        B        C        D        E       F      G
               +--------+--------+--------+--------+--------+-----+--------+
         Total |   3333 |   3157 |    176 |    313 |   2100 |   4 |  833.2 |
       Dungeon |   3333 |   3157 |    176 |    313 |   2100 |   4 |  833.2 |
               +--------+--------+--------+--------+--------+-----+--------+

Top non-repeatable levels by time:
     D:3: 1502 daAuts
     D:2: 910 daAuts
     D:1: 677 daAuts
     D:4: 243 daAuts
